[ AOE2 MATCH · #506759596 ]
UnrankedSpanish vs Celts
Player's team · LOSS
Rival team · WIN
[ REPLAY ANALYSIS · EXTRACTED FROM THE RECORDED GAME ]
Feudal
12:12
Castle
19:42
Imperial
—
| APM avg | 32.1 |
| APM peak | 60 |
| eAPM avg | 19.0 |
| Villagers / military | 123 / 18 |
Focus
⚔️ 20.2% · 🌾 79.8%
Conquistador ×10 · Knight ×7 · Scout Cavalry ×1
Feudal
10:51
Castle
34:02
Imperial
—
| APM avg | 36.6 |
| APM peak | 69 |
| eAPM avg | 20.4 |
| Villagers / military | 65 / 66 |
Focus
⚔️ 32.7% · 🌾 67.3%
Spearman ×16 · Militia ×11 · Skirmisher ×9 · Archer ×8 · Mangonel ×8 · Trade Cart ×4
Match map
Initial resources + every placement click. Lines = walls · curves = elevation contours. ◆ gold · ⬟ stone · ● berries · ✦ relic · ◌ wall gap
Your base· Open — unwalled flank
Papapishu8352's base· Open — unwalled flank
Smoothed initial terrain · ◌ = detected wall gap · hover for details
Inputs per minute
— Exo - - Papapishu8352
Build order — Exo
First 150 of 247 actions detected
| 0:01 | Queue | Villager (Male) ×4 |
| 0:02 | Build | House |
| 0:04 | Build | House |
| 1:41 | Queue | Villager (Male) |
| 1:44 | Build | Lumber Camp |
| 2:10 | Queue | Villager (Male) |
| 2:12 | Queue | Villager (Male) |
| 3:00 | Queue | Villager (Male) |
| 3:24 | Queue | Villager (Male) |
| 3:35 | Queue | Villager (Male) |
| 4:10 | Build | House |
| 4:11 | Build | House |
| 4:15 | Build | Mill |
| 4:20 | Queue | Villager (Male) |
| 4:50 | Queue | Villager (Male) |
| 4:53 | Queue | Villager (Male) |
| 5:33 | Queue | Villager (Male) |
| 6:17 | Queue | Villager (Male) |
| 6:17 | Queue | Villager (Male) |
| 6:18 | Queue | Villager (Male) |
| 6:18 | Queue | Villager (Male) |
| 6:51 | Queue | Villager (Male) |
| 7:12 | Build | Lumber Camp |
| 7:23 | Queue | Villager (Male) |
| 7:47 | Queue | Villager (Male) |
| 7:47 | Queue | Villager (Male) |
| 7:48 | Queue | Villager (Male) |
| 7:48 | Queue | Villager (Male) |
| 7:49 | Queue | Villager (Male) |
| 8:07 | Queue | Villager (Male) |
| 8:07 | Queue | Villager (Male) |
| 9:03 | Build | Farm |
| 9:06 | Build | Farm |
| 9:17 | Build | Mining Camp |
| 10:02 | Research | Feudal Age |
| 11:30 | Research | Loom |
| 11:41 | Build | Lumber Camp |
| 12:12 | Age | Feudal Age |
| 12:15 | Queue | Villager (Male) |
| 12:29 | Build | Barracks |
| 12:34 | Build | Stone Wall |
| 12:35 | Build | Gate |
| 12:40 | Build | House |
| 12:53 | Build | Stone Wall |
| 13:04 | Build | House |
| 13:06 | Build | House |
| 13:08 | Build | Gate |
| 13:45 | Queue | Villager (Male) |
| 14:19 | Build | Stone Wall |
| 14:25 | Queue | Villager (Male) |
| 14:25 | Queue | Villager (Male) |
| 14:25 | Queue | Villager (Male) |
| 14:26 | Queue | Villager (Male) |
| 14:28 | Build | Farm |
| 14:29 | Build | Farm |
| 14:30 | Build | Farm |
| 14:31 | Build | Farm |
| 14:32 | Build | Farm |
| 14:40 | Build | Stable |
| 14:59 | Queue | Villager (Male) |
| 15:00 | Queue | Villager (Male) |
| 15:07 | Build | Blacksmith |
| 15:30 | Build | Farm |
| 15:35 | Build | Farm |
| 15:54 | Build | House |
| 16:06 | Queue | Villager (Male) |
| 16:07 | Queue | Villager (Male) |
| 16:49 | Build | Farm |
| 16:59 | Build | Farm |
| 17:02 | Research | Castle Age |
| 17:27 | Build | Gate |
| 17:30 | Build | House |
| 18:01 | Build | Stone Wall |
| 18:02 | Build | Gate |
| 18:12 | Build | House |
| 19:42 | Age | Castle Age |
| 19:44 | Build | Farm |
| 19:47 | Build | Farm |
| 19:47 | Queue | Knight ×2 |
| 20:21 | Build | Mining Camp |
| 20:40 | Queue | Villager (Male) |
| 20:40 | Queue | Villager (Male) |
| 20:40 | Queue | Villager (Male) |
| 20:41 | Queue | Villager (Male) |
| 21:32 | Queue | Villager (Male) |
| 21:32 | Queue | Villager (Male) |
| 21:51 | Build | Farm |
| 21:52 | Research | Horse Collar |
| 21:59 | Queue | Villager (Male) |
| 21:59 | Queue | Villager (Male) |
| 22:05 | Build | Gate |
| 22:07 | Build | Stone Wall |
| 22:10 | Build | Stone Wall |
| 22:14 | Build | Gate |
| 22:20 | Build | Palisade Wall |
| 22:23 | Build | House |
| 22:34 | Build | Farm |
| 22:39 | Build | Farm |
| 23:04 | Queue | Villager (Male) |
| 23:04 | Queue | Villager (Male) |
| 23:08 | Queue | Knight |
| 23:08 | Queue | Scout Cavalry |
| 23:23 | Build | Market |
| 23:28 | Queue | Villager (Male) |
| 24:29 | Build | Town Center |
| 25:29 | Queue | Villager (Male) |
| 25:30 | Queue | Villager (Male) |
| 25:43 | Queue | Villager (Male) |
| 26:12 | Build | Farm |
| 26:18 | Build | Farm |
| 26:21 | Queue | Villager (Male) |
| 26:36 | Queue | Villager (Male) |
| 27:00 | Queue | Knight |
| 27:06 | Build | Farm |
| 27:37 | Queue | Villager (Male) |
| 27:51 | Queue | Knight |
| 27:58 | Queue | Villager (Male) |
| 28:07 | Build | Farm |
| 28:16 | Queue | Villager (Male) |
| 28:25 | Queue | Villager (Male) |
| 28:32 | Build | Mining Camp |
| 28:57 | Queue | Villager (Male) |
| 29:00 | Queue | Knight |
| 29:00 | Queue | Knight |
| 29:29 | Queue | Villager (Male) |
| 29:32 | Queue | Villager (Male) |
| 30:29 | Queue | Villager (Male) |
| 30:29 | Queue | Villager (Male) |
| 30:44 | Queue | Villager (Male) |
| 30:51 | Build | Town Center |
| 30:53 | Queue | Villager (Male) |
| 30:57 | Build | Farm |
| 31:47 | Queue | Villager (Male) |
| 31:48 | Queue | Villager (Male) |
| 32:21 | Queue | Villager (Male) |
| 32:26 | Build | Farm |
| 32:33 | Build | Farm |
| 32:47 | Queue | Villager (Male) |
| 32:59 | Build | Farm |
| 33:27 | Queue | Villager (Male) |
| 33:33 | Build | Farm |
| 33:37 | Build | Farm |
| 33:38 | Build | Farm |
| 33:47 | Queue | Villager (Male) |
| 34:08 | Build | Castle |
| 34:12 | Queue | Villager (Male) |
| 34:22 | Build | Farm |
| 34:37 | Queue | Villager (Male) |
| 34:43 | Queue | Villager (Male) |
| 35:06 | Build | Farm |
Build order — Papapishu8352
First 150 of 247 actions detected
| 0:00 | Queue | Villager (Male) |
| 0:01 | Queue | Villager (Male) |
| 0:02 | Build | House |
| 0:34 | Queue | Villager (Male) |
| 0:35 | Queue | Villager (Male) |
| 0:35 | Queue | Villager (Male) |
| 0:56 | Research | Loom |
| 1:01 | Queue | Villager (Male) |
| 1:47 | Queue | Villager (Male) |
| 1:47 | Queue | Villager (Male) |
| 2:11 | Queue | Villager (Male) |
| 2:12 | Queue | Villager (Male) |
| 3:05 | Build | Lumber Camp |
| 3:30 | Queue | Villager (Male) |
| 3:31 | Queue | Villager (Male) |
| 3:31 | Queue | Villager (Male) |
| 3:32 | Queue | Villager (Male) |
| 3:45 | Build | House |
| 4:43 | Build | Palisade Wall |
| 4:58 | Queue | Villager (Male) |
| 5:22 | Queue | Villager (Male) |
| 5:27 | Build | Mill |
| 6:03 | Queue | Villager (Male) |
| 6:15 | Queue | Villager (Male) |
| 6:22 | Build | House |
| 6:32 | Build | Palisade Gate |
| 6:50 | Queue | Villager (Male) |
| 7:19 | Queue | Villager (Male) |
| 7:23 | Build | Mining Camp |
| 8:05 | Build | Barracks |
| 8:10 | Queue | Villager (Male) |
| 8:41 | Research | Feudal Age |
| 8:58 | Build | House |
| 9:26 | Queue | Militia |
| 9:26 | Queue | Militia |
| 9:37 | Queue | Militia |
| 9:43 | Build | Mill |
| 10:11 | Build | House |
| 10:23 | Build | Mill |
| 10:25 | Queue | Villager (Male) |
| 10:34 | Queue | Militia |
| 10:51 | Age | Feudal Age |
| 10:56 | Research | Double-Bit Axe |
| 11:00 | Research | Man-at-Arms (upgrade) |
| 11:57 | Build | Market |
| 12:19 | Queue | Militia |
| 12:36 | Queue | Villager (Male) |
| 13:22 | Build | Watch Tower |
| 13:35 | Queue | Militia |
| 13:36 | Queue | Militia |
| 14:13 | Queue | Villager (Male) |
| 14:13 | Queue | Villager (Male) |
| 14:49 | Queue | Villager (Male) |
| 14:56 | Build | Palisade Wall |
| 14:57 | Build | Palisade Wall |
| 14:58 | Build | Palisade Wall |
| 14:59 | Build | Palisade Wall |
| 15:06 | Build | Mining Camp |
| 16:03 | Queue | Militia |
| 16:04 | Queue | Militia |
| 16:07 | Build | Blacksmith |
| 16:09 | Build | Archery Range |
| 16:11 | Queue | Villager (Male) |
| 16:47 | Queue | Militia |
| 16:53 | Queue | Archer |
| 17:37 | Queue | Villager (Male) |
| 18:01 | Queue | Archer |
| 18:07 | Build | Mining Camp |
| 18:09 | Queue | Villager (Male) |
| 18:12 | Queue | Villager (Male) |
| 18:13 | Queue | Villager (Male) |
| 18:39 | Build | Watch Tower |
| 18:42 | Build | Mining Camp |
| 19:11 | Build | Palisade Wall |
| 19:12 | Build | Palisade Wall |
| 19:12 | Build | Palisade Wall |
| 19:13 | Build | Palisade Wall |
| 19:29 | Research | Fletching |
| 19:36 | Queue | Archer |
| 19:41 | Build | House |
| 19:45 | Build | House |
| 20:09 | Build | Watch Tower |
| 20:19 | Queue | Spearman |
| 20:20 | Queue | Spearman |
| 20:26 | Queue | Militia |
| 20:34 | Queue | Villager (Male) |
| 20:34 | Queue | Villager (Male) |
| 21:26 | Queue | Spearman |
| 21:33 | Build | Barracks |
| 21:50 | Build | Watch Tower |
| 22:15 | Queue | Villager (Male) |
| 22:26 | Build | Farm |
| 22:27 | Build | Farm |
| 22:27 | Build | Farm |
| 22:27 | Build | Farm |
| 22:28 | Build | Farm |
| 22:28 | Build | Farm |
| 22:28 | Build | Farm |
| 22:55 | Build | Watch Tower |
| 23:20 | Build | Stone Wall |
| 23:21 | Build | Stone Wall |
| 23:22 | Build | Stone Wall |
| 23:22 | Build | Stone Wall |
| 23:30 | Queue | Villager (Male) |
| 23:55 | Build | Palisade Wall |
| 24:08 | Queue | Villager (Male) |
| 24:20 | Queue | Spearman |
| 24:41 | Queue | Villager (Male) |
| 25:03 | Build | Watch Tower |
| 25:18 | Research | Horse Collar |
| 25:21 | Build | Farm |
| 25:58 | Queue | Trade Cart |
| 26:21 | Build | Watch Tower |
| 26:23 | Queue | Archer |
| 26:23 | Queue | Archer |
| 26:37 | Build | Mining Camp |
| 26:39 | Queue | Villager (Male) |
| 26:50 | Queue | Archer |
| 27:02 | Queue | Trade Cart |
| 27:07 | Build | Stone Wall |
| 27:07 | Build | Stone Wall |
| 27:08 | Build | Stone Wall |
| 27:09 | Build | Stone Wall |
| 27:11 | Build | Farm |
| 27:14 | Research | Wheelbarrow |
| 27:50 | Build | Watch Tower |
| 27:59 | Research | Forging |
| 28:06 | Build | Stone Wall |
| 28:07 | Build | Stone Wall |
| 28:07 | Build | Stone Wall |
| 28:08 | Build | Stone Wall |
| 28:16 | Queue | Villager (Male) |
| 29:01 | Build | Watch Tower |
| 29:20 | Queue | Spearman |
| 29:21 | Queue | Spearman |
| 29:27 | Research | Scale Mail Armor |
| 29:54 | Build | Watch Tower |
| 30:57 | Queue | Villager (Male) |
| 31:11 | Queue | Spearman |
| 31:11 | Queue | Spearman |
| 31:21 | Research | Castle Age |
| 31:43 | Queue | Trade Cart |
| 31:46 | Build | Palisade Wall |
| 31:47 | Build | Palisade Wall |
| 31:48 | Build | Palisade Wall |
| 31:49 | Build | Palisade Wall |
| 31:56 | Queue | Archer |
| 31:56 | Queue | Archer |
| 32:32 | Build | Stable |
| 33:07 | Build | Farm |
Match timeline
| 4:43 | Papapishu8352 · wall_segment Palisade Wall x1 |
| 8:05 | Papapishu8352 · first_building Barracks |
| 10:51 | Papapishu8352 · age_up feudal |
| 12:12 | Exo · age_up feudal |
| 12:29 | Exo · first_building Barracks |
| 12:34 | Exo · wall_segment Stone Wall x1 |
| 12:53 | Exo · wall_segment Stone Wall x1 |
| 14:12 | Papapishu8352 · first_market_buy 100 food |
| 14:19 | Exo · wall_segment Stone Wall x1 |
| 14:40 | Exo · first_building Stable |
| 14:43 | Papapishu8352 · first_market_sell 100 wood |
| 14:56 | Papapishu8352 · wall_segment Palisade Wall x1 |
| 14:57 | Papapishu8352 · wall_segment Palisade Wall x1 |
| 14:58 | Papapishu8352 · wall_segment Palisade Wall x1 |
| 14:59 | Papapishu8352 · wall_segment Palisade Wall x1 |
| 16:09 | Papapishu8352 · first_building Archery Range |
| 18:01 | Exo · wall_segment Stone Wall x1 |
| 19:11 | Papapishu8352 · wall_segment Palisade Wall x1 |
| 19:12 | Papapishu8352 · wall_segment Palisade Wall x1 |
| 19:12 | Papapishu8352 · wall_segment Palisade Wall x1 |
| 19:13 | Papapishu8352 · wall_segment Palisade Wall x1 |
| 19:42 | Exo · age_up castle |
| 22:07 | Exo · wall_segment Stone Wall x1 |
| 22:10 | Exo · wall_segment Stone Wall x1 |
| 22:20 | Exo · wall_segment Palisade Wall x1 |
| 23:20 | Papapishu8352 · wall_segment Stone Wall x1 |
| 23:21 | Papapishu8352 · wall_segment Stone Wall x1 |
| 23:22 | Papapishu8352 · wall_segment Stone Wall x1 |
| 23:22 | Papapishu8352 · wall_segment Stone Wall x1 |
| 23:55 | Papapishu8352 · wall_segment Palisade Wall x1 |
| 24:14 | Exo · first_market_sell 100 food |
| 24:16 | Exo · first_market_buy 100 stone |
| 27:07 | Papapishu8352 · wall_segment Stone Wall x1 |
| 27:07 | Papapishu8352 · wall_segment Stone Wall x2 |
| 27:08 | Papapishu8352 · wall_segment Stone Wall x1 |
| 27:09 | Papapishu8352 · wall_segment Stone Wall x1 |
| 28:06 | Papapishu8352 · wall_segment Stone Wall x1 |
| 28:07 | Papapishu8352 · wall_segment Stone Wall x2 |
| 28:07 | Papapishu8352 · wall_segment Stone Wall x1 |
| 28:08 | Papapishu8352 · wall_segment Stone Wall x1 |
| 31:46 | Papapishu8352 · wall_segment Palisade Wall x1 |
| 31:47 | Papapishu8352 · wall_segment Palisade Wall x1 |
| 31:48 | Papapishu8352 · wall_segment Palisade Wall x1 |
| 31:49 | Papapishu8352 · wall_segment Palisade Wall x1 |
| 32:32 | Papapishu8352 · first_building Stable |
| 34:02 | Papapishu8352 · age_up castle |
| 34:08 | Exo · first_building Castle |
| 34:58 | Papapishu8352 · first_building Siege Workshop |
| 35:21 | Papapishu8352 · wall_segment Palisade Wall x1 |
| 36:41 | Papapishu8352 · first_building Castle |
| 37:03 | Papapishu8352 · first_building Monastery |
| 51:04 | Exo · resign |
[ AI ANALYSIS · 1 CREDIT ]
What really happened in this match?
Wolo.gg analyzes every decision: build order, eco, micro, common mistakes by bracket. Personalized analysis on WhatsApp or Discord in 30 seconds.
Civ guide
Spanish
Perfil
Jugador #5773724